 Dungeon Crawl Stone Soup version 0.30.1-11-g7821555f0a (webtiles) character file.

Game seed: 14002465670988619494

4210 SacredBeard the Slicer (level 10, -25/79 HPs)
             Began as a Demonspawn Necromancer on Nov 28, 2023.
             Annihilated by Gastronok (27 damage)
             ... on level 8 of the Dungeon.
             The game lasted 00:23:49 (9807 turns).

SacredBeard the Slicer (Demonspawn Necromancer)     Turns: 9807, Time: 00:23:50

Health: -25/79     AC:  7    Str: 11    XL:     10   Next: 8%
Magic:  0/13       EV: 12    Int: 24    God:
Gold:   588        SH:  0    Dex: 14    Spells: 12/13 levels left

rFire   . . .        s - +1 dagger (drain)
rCold   . . .        (no shield)
rNeg    . . .        u - +0 leather armour
rPois   .            q - +0 helmet
rElec   .            (no cloak)
rCorr   +            w - +0 pair of gloves
SInv    .            (no boots)
Will    .....        (no amulet)
Stlth   ++           k - +6 ring of intelligence
HPRegen 0.33/turn    H - ring of resist corrosion
MPRegen 0.13/turn

%: no passive effects
@: slowed, very slow
A: thin metallic scales 1, ignite blood 1, demonic magic 2, demonic touch 1
a: no special abilities


You were on level 8 of the Dungeon.
You visited 2 branches of the dungeon, and saw 9 of its levels.

You collected 588 gold pieces.

Inventory:

Hand Weapons
 s - a +1 dagger of draining (weapon)
 B - a +1 trident of flaming
Missiles
 d - 82 stones
 f - 3 boomerangs
 g - 21 poisoned darts
 F - a throwing net
Armour
 q - a +0 helmet (worn)
 u - a +0 leather armour (worn)
 w - a +0 pair of gloves (worn)
Jewellery
 k - a +6 ring of intelligence (left hand)
 A - a ring of protection from cold
 H - a ring of resist corrosion (right hand)
Wands
 z - a wand of charming (9)
Scrolls
 c - 3 scrolls of blinking {unknown}
 e - 2 scrolls of fear {unknown}
 h - 4 scrolls of vulnerability {unknown}
 i - 5 scrolls of poison {unknown}
 j - a scroll of silence {unknown}
 l - 4 scrolls of enchant weapon {unknown}
 m - 9 scrolls of identify {unknown}
 n - 2 scrolls of enchant armour {unknown}
 o - 2 scrolls of noise {unknown}
 p - 4 scrolls of fog {unknown}
 v - 2 scrolls of teleportation {unknown}
 y - 2 scrolls of immolation {unknown}
 D - a scroll of amnesia {unknown}
Potions
 a - 3 potions of curing {unknown}
 b - 2 potions of magic
 r - 4 potions of heal wounds {unknown}
 t - a potion of lignification {unknown}
 x - 2 potions of mutation {unknown}
 C - 2 potions of attraction {unknown}
 E - a potion of haste
 G - 2 potions of degeneration {unknown}
 I - a potion of berserk rage {unknown}
 J - a potion of invisibility {unknown}


   Skills:
 + Level 7.1 Fighting
 * Level 8.2 Short Blades
 - Level 2.0 Throwing
 - Level 2.0 Armour
 - Level 2.0 Dodging
 - Level 3.0 Stealth
 - Level 2.0 Spellcasting
 - Level 7.0 Necromancy
 - Level 6.0 Evocations


You had 12 spell levels left.
You knew the following spells:

 Your Spells              Type           Power      Damage    Failure   Level
a - Necrotise             Necr           100%       1d9       1%          1

Your spell library contained the following spells:

 Spells                   Type           Power      Damage    Failure   Level
 Vampiric Draining        Necr           36%        2d8       2%          3
 Animate Dead             Necr           36%        N/A       9%          4
 Agony                    Necr           36%        N/A       24%         5
 Olgreb's Toxic Radiance  Pois           2%         N/A       83%         4
 Discord                  Hex            1%         N/A       100%        8
 Ignition                 Fire           1%         3d3       100%        8


Dungeon Overview and Level Annotations

Branches:
Dungeon (8/15) Zot: 26044  Temple (1/1) D:4 Zot: 5883    Lair (0/5) D:8

Altars:
Ashenzari
Dithmenos
Fedhas
Gozag
Hepliaklqana
Kikubaaqudgha
Makhleb
Nemelex Xobeh
Okawaru
Ru
Sif Muna
Trog
Uskayaw
Vehumet
Wu Jian
Xom

Shops:
D:6 =   D:7 *   D:8 *

Annotations:
D:6 3 runed translucent doors, tykejmi's ghost, novice SpBr
D:8 Gastronok


Innate Abilities, Weirdness & Mutations

You are partially covered in thin metallic scales. (AC +2)
Your demonic aura sometimes causes spilled blood to erupt in flames.
Spells you cast may paralyse nearby enemies.
Your touch may inflict minor irresistible damage on your foes.


Message History

Aiming: Necrotise (safe; 1% risk of failure)
Press: ? - help, Shift-Dir - straight line, f/p - Gastronok
Aim: Gastronok, wearing a +2 hat of willpower (lightly wounded, chance to affect: 9%) Gastronok writhes in agony.
Malevolent energies surge around you.
Gastronok looks at you and mumbles some strange words.
You feel yourself slow down.
Casting: Necrotise (safe; 1% risk of failure)
Confirm with . or Enter, or press ? or * to list all spells.
Aiming: Necrotise (safe; 1% risk of failure)
Press: ? - help, Shift-Dir - straight line, f/p - Gastronok
Aim: Gastronok, wearing a +2 hat of willpower (lightly wounded, chance to affect: 9%) Gastronok resists with almost no effort.
Malevolent energies surge around you.
Casting: Necrotise (safe; 1% risk of failure)
Confirm with . or Enter, or press ? or * to list all spells.
Aiming: Necrotise (safe; 1% risk of failure)
Press: ? - help, Shift-Dir - straight line, f/p - Gastronok
Aim: Gastronok, wearing a +2 hat of willpower (lightly wounded, chance to affect: 9%) Gastronok writhes in agony.
Malevolent energies surge around you.
Gastronok mumbles some strange words.
Casting: Necrotise (safe; 1% risk of failure)
Confirm with . or Enter, or press ? or * to list all spells.
Aiming: Necrotise (safe; 1% risk of failure)
Press: ? - help, Shift-Dir - straight line, f/p - Gastronok
Aim: Gastronok, wearing a +2 hat of willpower (lightly wounded, chance to affect: 9%) Gastronok resists with almost no effort.
Malevolent energies surge around you. The bat hits you but does no damage.
The bat barely misses you.
Gastronok waves his eye-stalks in wide circles.
The air twists around and strikes you.
* * * LOW HITPOINT WARNING * * *
Casting: Necrotise (safe; 1% risk of failure)
Confirm with . or Enter, or press ? or * to list all spells.
Aiming: Necrotise (safe; 1% risk of failure)
Press: ? - help, Shift-Dir - straight line, f/p - Gastronok
Aim: Gastronok, wearing a +2 hat of willpower (lightly wounded, chance to affect: 9%) Gastronok resists with almost no effort.
Malevolent energies surge around you.
The river rat suddenly stops moving!
The bat misses you. The bat barely misses you. Gastronok bites you!!
You die...

#####.## ...#
##.# #.# ##..
##.## # ###
#...# .#
###.### .#
#.....# ..#
#.....# #.#####
#.....##......#
#......@wr..#
#......#br#.#
######.#....#
#.#.#..#
#......# ###..
... ##. ### .


You could see Gastronok, a river rat (summoned, paralysed), a bat (summoned) and
a rat (summoned).

Vanquished Creatures
  Joseph (D:7)
  A hornet (D:8)
  4 yaks (D:8)
  2 steam dragons (D:7)
  A water moccasin (D:8)
  5 ice beasts
  An orc warrior (D:7)
  2 sky beasts (D:7)
  2 black bears
  An ogre (D:5)
  A centaur (D:6)
  5 bullfrogs
  A scorpion (D:5)
  2 jellies
  4 killer bees (D:8)
  2 lava snakes (D:7)
  5 orc priests
  7 hounds
  A gnoll bouda (D:7)
  4 iguanas
  8 orc wizards
  Robin (D:3)
  4 gnolls (D:7)
  6 adders
  A white imp (D:8)
  An ufetubus (D:7)
  4 worms
  2 dart slugs
  35 orcs
  4 endoplasms
  6 giant cockroaches
  17 goblins
  8 hobgoblins
  7 jackals
  4 kobolds
  3 quokkas
  9 ball pythons
  3 bats
  A frilled lizard (D:1)
  7 rats
183 creatures vanquished.

Vanquished Creatures (collateral kills)
  2 goblins (D:3)
  A hobgoblin (D:3)
  3 jackals
  A quokka (D:2)
7 creatures vanquished.

Vanquished Creatures (others)
  An angel (D:5)
  An orc (D:7)
2 creatures vanquished.

Grand Total: 192 creatures vanquished

Notes
Turn   | Place    | Note
-------+----------+-------------------------------------------
     0 | D:1      | SacredBeard the Demonspawn Necromancer began the quest for
                  | the Orb.
     0 | D:1      | Reached XP level 1. HP: 13/13 MP: 3/3
   260 | D:1      | Gained mutation: You are partially covered in thin metallic
                  | scales. (AC +2) [demonic ancestry]
   260 | D:1      | Reached XP level 2. HP: 19/19 MP: 3/5
   484 | D:1      | Reached skill level 5 in Necromancy
   949 | D:1      | Reached XP level 3. HP: 19/24 MP: 1/6
  2416 | D:2      | Gained mutation: Your demonic aura sometimes causes spilled
                  | blood to erupt in flames. [demonic ancestry]
  2416 | D:2      | Reached XP level 4. HP: 27/30 MP: 2/7
  2718 | D:3      | Noticed Robin
  2756 | D:3      | Killed Robin
  2757 | D:3      | Reached XP level 5. HP: 22/35 MP: 0/8
  2914 | D:3      | Found a sparkling altar of Nemelex Xobeh.
  3125 | D:3      | Reached skill level 1 in Armour
  3623 | D:4      | Found a staircase to the Ecumenical Temple.
  3811 | D:4      | Reached XP level 6. HP: 41/41 MP: 5/9
  3925 | D:4      | Found a radiant altar of Vehumet.
  3929 | D:4      | Reached skill level 1 in Throwing
  4695 | Temple   | Entered the Ecumenical Temple
  4850 | D:5      | Entered Level 5 of the Dungeon
  4873 | D:5      | Reached skill level 1 in Evocations
  4878 | D:5      | Reached skill level 1 in Fighting
  4936 | D:5      | Noticed an ice beast
  4946 | D:5      | Killed an ice beast
  5145 | D:5      | Gained mutation: Spells you cast may paralyse adjacent
                  | enemies. [demonic ancestry]
  5145 | D:5      | Reached XP level 7. HP: 50/50 MP: 5/10
  5294 | D:5      | Found a blossoming altar of Fedhas.
  5465 | D:5      | Found a broken altar of Ashenzari.
  5522 | D:5      | Noticed an angel
  5523 | D:5      | Found a shimmering altar of Xom.
  5872 | D:5      | Killed an angel
  6807 | D:6      | Reached skill level 5 in Evocations
  6812 | D:5      | Gained mutation: Your touch may inflict minor irresistible
                  | damage on your foes. [demonic ancestry]
  6812 | D:5      | Reached XP level 8. HP: 44/56 MP: 3/11
  6953 | D:6      | Found a runed translucent gate.
  6953 | D:6      | Found a runed translucent gate.
  6953 | D:6      | Found a runed translucent gate.
  6953 | D:6      | Noticed tykejmi's ghost (novice SpBr)
  7204 | D:6      | Found Boka's Jewellery Shoppe.
  7225 | D:6      | Reached skill level 1 in Short Blades
  7332 | D:6      | Reached skill level 2 in Short Blades
  7606 | D:7      | Reached skill level 3 in Short Blades
  7780 | D:7      | Reached skill level 4 in Short Blades
  7844 | D:7      | Noticed Joseph
  7856 | D:7      | Killed Joseph
  7857 | D:7      | Reached XP level 9. HP: 65/67 MP: 10/12
  7885 | D:7      | Reached skill level 5 in Fighting
  7885 | D:7      | Reached skill level 5 in Short Blades
  8090 | D:7      | Reached skill level 6 in Short Blades
  8267 | D:7      | Found Pifemey's Lightly-Used Armoury.
  8854 | D:8      | Reached skill level 7 in Short Blades
  9256 | D:8      | Reached skill level 8 in Short Blades
  9256 | D:8      | Gained mutation: Spells you cast may paralyse nearby
                  | enemies. [demonic ancestry]
  9256 | D:8      | Reached XP level 10. HP: 77/77 MP: 5/13
  9415 | D:8      | Found Fehiuhae's Assorted Antiques.
  9417 | D:8      | Found a staircase to the Lair.
  9781 | D:8      | Noticed Gastronok
  9806 | D:8      | HP: 2/79 [Gastronok/the air (6)]
  9807 | D:8      | Annihilated by Gastronok

Illustrated notes

Levels and vault maps discovered:
D:1:      dpeg_arrival_windows_large_door, layout_loops_corners
D:2:      layout_loops_ring
D:3:      layout_rooms, nemelex_spade_bored_becter, hex_intersection, uniq_robin
D:4:      kb_forest_paths, layout_loops_ring,
          mainiacjoe_overflow_surrounded_room, temple_pool_b
D:5:      layout_loops_corners, grunt_temple_overflow_order_and_chaos_1,
          ashenzari_conservatory_becter, mainiacjoe_overflow_small_starburst,
          minmay_misc_feat_ornament, grunt_ministairs_5
D:6:      layout_rooms, serial_shops, shop, ebering_ghost_rock_garden
D:7:      layout_basic, grunt_decor_junction, grunt_ministairs_8,
          minmay_shop_damaged, uniq_joseph
D:8:      layout_loops_cross, lair_entry_dummy, serial_shops, shop,
          uniq_gastronok
Temple:   nicolae_temple_godzebo

Skill      XL: |  1  2  3  4  5  6  7  8  9 10 |
---------------+-------------------------------+-----
Dodging        | 2 |  2.0
Stealth        | 2 3 |  3.0
Necromancy     | 5 6 7 |  7.0
Armour         | 1 2 |  2.0
Throwing       | 2 |  2.0
Evocations     | 2 5 6 |  6.0
Fighting       | 2 3 4 6 7 |  7.1
Short Blades   | 4 8 |  8.2
Spellcasting   | |  2.0

Action                     |  1- 3 |  4- 6 |  7- 9 | 10-12 || total
---------------------------+-------+-------+-------+-------++-------
  Melee: Unarmed           |     4 |       |       |       ||     4
         Dagger            |    13 |    17 |    89 |    10 ||   129
         Short sword       |    17 |    37 |       |       ||    54
         Punch             |       |       |     2 |       ||     2
         Touch             |       |       |     5 |     1 ||     6
  Throw: Stone             |     1 |       |    15 |     2 ||    18
   Cast: Necrotise         |    79 |   129 |   226 |    23 ||   457
   Stab: Paralysed         |       |       |    29 |     2 ||    31
 Armour: Robe              |    17 |    25 |       |       ||    42
         Leather armour    |       |    12 |    45 |     2 ||    59
  Dodge: Dodged            |    36 |    40 |   104 |     6 ||   186
